 Dungeon Crawl Stone Soup version 0.21.1-1-g345015f (webtiles) character file.

225 Supreme the Magician (level 5, -9/28 HPs)
             Began as a Deep Elf Wizard on Apr 25, 2018.
             Killed by divine providence
             ... invoked by an orc priest
              (12 damage)
             ... on level 4 of the Dungeon.
             The game lasted 00:25:49 (2747 turns).

Supreme the Magician (Deep Elf Wizard)              Turns: 2747, Time: 00:25:50

Health: -9/28      AC:  2    Str:  4    XL:     5   Next: 68%
Magic:  7/24       EV: 12    Int: 24    God:
Gold:   129        SH:  4    Dex: 13    Spells: 3/16 levels left

rFire    . . .     SeeInvis .   I - -1 trident (curse)
rCold    . . .     Gourm    +   k - +0 buckler
rNeg     . . .     Faith    .   a - +0 robe
rPois    .         Spirit   .   b - +0 hat
rElec    .         Reflect  .   (no cloak)
rCorr    .         Harm     .   (no gloves)
MR       .....     Rnd*Tele +   (no boots)
Stlth    ++........             h - amulet of the gourmand
HPRegen  0.09/turn              e - ring of magical power
MPRegen  0.19/turn              l - ring of teleportation (curse)

@: no status effects
A: no striking features
a: no special abilities


You were on level 4 of the Dungeon.
You were completely stuffed.

You visited 1 branch of the dungeon, and saw 4 of its levels.

You collected 129 gold pieces.

Inventory:

Hand Weapons
 n - a +0 short sword
 t - a +0 spear
 y - a +3 hand axe
 G - a +0 blowgun
 I - a cursed -1 trident (weapon)
Missiles
 g - 52 stones (quivered)
 i - 39 arrows
 H - 6 poisoned needles
Armour
 a - a +0 robe (worn)
 b - a +0 hat (worn)
 k - a +0 buckler (worn)
Jewellery
 e - a ring of magical power (left hand)
 h - an amulet of the gourmand (around neck)
 l - a cursed ring of teleportation (right hand)
 v - an uncursed amulet of guardian spirit
 z - a +5 ring of dexterity
 C - a +3 ring of protection
Wands
 w - a wand of digging (1)
Scrolls
 f - a scroll of random uselessness {unknown}
 j - a scroll of immolation {unknown}
 m - 4 scrolls of identify {unknown}
 o - a scroll of teleportation {unknown}
 p - 2 scrolls of amnesia {unknown}
 q - 4 scrolls of remove curse {unknown}
 s - 4 scrolls of magic mapping {unknown}
 x - a scroll of fear {unknown}
 A - a scroll of fog {unknown}
 B - a scroll of enchant armour {unknown}
Potions
 r - 2 potions of heal wounds {unknown}
 D - a potion of lignification {unknown}
 E - a potion of ambrosia {unknown}
 F - a potion of flight {unknown}
Books
 c - a book of Minor Magic

   Spells                             Type                      Level
   a - Magic Dart                     Conjuration                  1
   b - Blink                          Translocation                2
   c - Call Imp                       Summoning                    2
   d - Slow                           Hexes                        2
   e - Conjure Flame                  Conjuration/Fire             3
   f - Mephitic Cloud                 Conjuration/Poison/Air       3
Comestibles
 d - 8 rations


   Skills:
 + Level 2.9 Dodging
 + Level 3.5 Stealth
 * Level 1.6 Shields
 + Level 6.3 Spellcasting
 + Level 3.0 Conjurations
 + Level 1.6 Summonings
 + Level 1.1 Translocations


You had 3 spell levels left.
You knew the following spells:

 Your Spells              Type           Power        Failure   Level  Hunger
a - Magic Dart            Conj           ###.         3%          1    None
b - Blink                 Tloc           N/A          10%         2    None
c - Call Imp              Summ           ###.....     8%          2    None
d - Slow                  Hex            #.......     16%         2    None
e - Conjure Flame         Conj/Fire      ##......     17%         3    None
f - Mephitic Cloud        Conj/Pois/Air  ##......     21%         3    None


Dungeon Overview and Level Annotations

Branches:
Dungeon (4/15)
 Temple: D:4-7

Altars:
Fedhas
Okawaru
Xom
Zin
The Shining One

Annotations:
D:4 azzavlup's ghost, amateur DsAK


Message History

The orc is heavily wounded.
The orc priest mumbles some strange prayers to Beogh against you.
Beogh smites you!
Ouch! That really hurt!
* * * LOW HITPOINT WARNING * * *
Unknown command.
Casting: Magic Dart
Confirm with . or Enter, or press ? or * to list all spells.
Aiming: Conjure Flame
Press: ? - help, Dir - move target cursor The fire blazes with new energy!
Casting: Conjure Flame
Confirm with . or Enter, or press ? or * to list all spells.
Aiming: Conjure Flame
Press: ? - help, Dir - move target cursor
Okay, then.
Unknown command.
The orc priest calls down the wrath of Beogh upon you.
Beogh smites you!
You die...

#.. .#.# ###...# ##....#
#####..#.## ..........#
#.........###########
#...................#
.........#......@...#
.##............>....#
....####.#.........o###...
##### #.#######.....o.o$#
##.###.....######.##
#######......#####
.........#####
...#...#......
####.#########


You could see an orc priest and an orc.

Vanquished Creatures
  Natasha (thrice) (D:2)
  A worker ant (D:4)
  An adder (D:2)
  3 gnolls (D:2)
  3 oozes
  2 worms (D:3)
  A dart slug (D:1)
  A leopard gecko (D:1)
  3 orcs
  2 ball pythons
  5 bats
  4 giant cockroaches
  6 hobgoblins
  A quokka (D:2)
  2 frilled lizards (D:1)
  7 goblins
  8 kobolds
  13 rats
66 creatures vanquished.

Vanquished Creatures (collateral kills)
  An adder (D:2)
  A worm (D:2)
  A dart slug (D:3)
  A leopard gecko (D:3)
  2 orcs (D:3)
  3 jackals (D:3)
  A rat (D:3)
10 creatures vanquished.

Grand Total: 76 creatures vanquished

Notes
Turn   | Place    | Note
-------+----------+-------------------------------------------
     0 | D:1      | Supreme the Deep Elf Wizard began the quest for the Orb.
     0 | D:1      | Reached XP level 1. HP: 10/10 MP: 7/7
    49 | D:1      | Found a glowing golden altar of the Shining One.
   275 | D:1      | Reached XP level 2. HP: 15/15 MP: 9/9
   279 | D:1      | Learned a level 2 spell: Blink
   282 | D:1      | Learned a level 2 spell: Call Imp
   285 | D:1      | Learned a level 2 spell: Slow
   319 | D:1      | Reached skill level 5 in Spellcasting
   713 | D:2      | Reached XP level 3. HP: 19/19 MP: 11/11
   724 | D:2      | Learned a level 3 spell: Conjure Flame
   740 | D:2      | Noticed Natasha
   748 | D:2      | Killed Natasha
   774 | D:2      | Reached skill level 1 in Shields
   785 | D:2      | Noticed Natasha
   820 | D:2      | Found a glowing silver altar of Zin.
   824 | D:2      | Reached XP level 4. HP: 13/24 MP: 5/13
   836 | D:1      | Learned a level 3 spell: Mephitic Cloud
   954 | D:2      | Found an iron altar of Okawaru.
  1089 | D:2      | Killed Natasha
  1089 | D:2      | Reached skill level 6 in Spellcasting
  1165 | D:2      | Noticed Natasha
  1172 | D:2      | Killed Natasha
  1172 | D:2      | Reached XP level 5. HP: 9/28 MP: 8/15
  1841 | D:3      | Found a blossoming altar of Fedhas.
  1847 | D:3      | Found a shimmering altar of Xom.
  2656 | D:4      | Noticed azzavlup's ghost (amateur DsAK)
  2747 | D:4      | Killed from afar by an orc priest

Skill      XL: |  1  2  3  4  5 |
---------------+----------------+-----
Spellcasting   | 5 6 |  6.3
Shields        | 1 |  1.6
Conjurations   | 2 3 |  3.0
Stealth        | 3 |  3.5
Dodging        | |  2.9
Summonings     | |  1.6
Translocations | |  1.1

Action                   |  1- 3 |  4- 6 || total
-------------------------+-------+-------++-------
Melee: Short sword       |     2 |    15 ||    17
       Trident           |       |     7 ||     7
       Spear             |       |     2 ||     2
 Cast: Magic Dart        |    73 |    92 ||   165
       Call Imp          |     3 |    18 ||    21
       Conjure Flame     |       |     8 ||     8
 Stab: Sleeping          |     2 |    10 ||    12
  Eat: Chunk             |     8 |     9 ||    17
Armor: Robe              |     6 |     4 ||    10
Dodge: Dodged            |    11 |    16 ||    27
Block: Buckler           |     3 |     3 ||     6
